 Dungeon Crawl Stone Soup version 0.26-a0-652-gafc20e3620 (webtiles) character file.

Game seed: 12628248234009977679

321042 DogServant the Executioner (level 20, -4/212 HPs)
             Began as a Minotaur Monk on Oct 3, 2020.
             Was the Champion of Ru.
             Splashed by an ancient lich's acid (15 damage)
             ... on level 5 of the Vaults.
             The game lasted 01:47:14 (51218 turns).

DogServant the Executioner (Minotaur Monk)         Turns: 51218, Time: 01:47:29

Health: -4/212     AC: 25    Str: 24    XL:     20   Next: 97%
Magic:  17/17      EV: 13    Int:  7    God:    Ru [******]
Gold:   2965       SH: 29    Dex: 21    Spells: 19/19 levels left

rFire    + . .     SeeInvis .   A - +8 mithril axe "Arga" {speed, MR+}
rCold    + . .     Faith    .   V - +0 tower shield
rNeg     + + .     Spirit   .   G - +5 plate armour {rN+}
rPois    .         Reflect  +   y - +1 hat {MR+}
rElec    .         Harm     .   W - scarf {rC+ rF+}
rCorr    .         Rampage  .   o - +1 pair of gloves {Dex+3}
MR       ++++.                  H - +2 pair of boots
Stlth    ..........             J - amulet of reflection
HPRegen  0.45/turn              I - ring of positive energy
MPRegen  0.15/turn              C - +6 ring of strength

@: exhausted, corroded, lightly drained
A: retaliatory headbutt, horns 2, talons 1, thin skeletal structure 1, clumsy 1,
low mp 1, magic resistance 1, robust 1, weak 1, no stealth, hated by all, no
fire magic, no hexes magic, no necromancy magic, reduced EV 1, disrupted magic
2, MP-powered wands, sturdy frame 1
}: 1/15 runes: gossamer
a: Draw Out Power, Power Leap, Apocalypse, Renounce Religion


You were on level 5 of the Vaults.
You worshipped Ru.
Ru was exalted by your worship.
You visited 7 branches of the dungeon, and saw 34 of its levels.
You visited 1 bazaar.
You also visited: Ossuary.

You collected 5937 gold pieces.
You spent 2972 gold pieces at shops.

Inventory:

Hand Weapons
 A - the +8 mithril axe "Arga" (weapon) {speed, MR+}
   (You acquired it on level 1 of the Elven Halls)

   Attacks with this weapon are significantly faster.
   It affects your resistance to hostile enchantments.
Missiles
 u - 6 silver javelins (quivered)
 D - 16 javelins
Armour
 m - +8 fire dragon scales
 o - a +1 pair of gloves of dexterity (worn)
 y - a +1 hat of magic resistance (worn)
 G - a +5 plate armour of positive energy (worn)
 H - a +2 pair of boots (worn)
 L - +0 shadow dragon scales
 V - a +0 tower shield (worn)
 W - a scarf of resistance (worn)
Jewellery
 b - an uncursed ring of wizardry
 g - an uncursed ring of resist corrosion
 C - a +6 ring of strength (right hand)
 E - an uncursed ring of flight
 I - a ring of positive energy (left hand)
 J - an amulet of reflection (around neck)
 O - the ring of the Mage {Wiz MR++ Int+3}
   (You bought it in a shop on level 2 of the Orcish Mines)

   [ring of wizardry]

   It improves your spell success rate.
   It affects your intelligence (+3).
   It affects your resistance to hostile enchantments.
 P - an uncursed ring of see invisible
 T - a +6 ring of strength
 X - an uncursed ring of poison resistance
 Y - an uncursed ring of protection from cold
Wands
 l - a wand of disintegration (26)
 n - a wand of paralysis (9)
 r - a wand of flame (93)
 F - a wand of iceblast (20)
 U - a wand of acid (9)
 Z - a wand of random effects (9)
Scrolls
 d - 17 scrolls of identify
 e - 14 scrolls of teleportation
 f - 6 scrolls of magic mapping
 h - 10 scrolls of fog
 i - 12 scrolls of remove curse
 j - 8 scrolls of enchant weapon
 k - 3 scrolls of fear
 s - a scroll of silence
 v - 9 scrolls of immolation
 w - 9 scrolls of blinking
 K - a scroll of brand weapon
 R - 2 scrolls of holy word
 S - 2 scrolls of amnesia
Potions
 a - 3 potions of cancellation
 c - 11 potions of flight
 p - 3 potions of stabbing
 t - 2 potions of ambrosia
 x - 3 potions of haste
 z - a potion of resistance
 B - 6 potions of might
 M - 2 potions of berserk rage
 N - 5 potions of lignification
 Q - 5 potions of brilliance


   Skills:
 + Level 20.0(19.5) Fighting
 + Level 22.5(22.0) Axes
 - Level 9.5(9.1) Throwing
 - Level 16.8(16.4) Armour
 + Level 15.1(14.7) Dodging
 - Level 20.5(20.0) Shields
 + Level 10.7(10.3) Evocations


You had 19 spell levels left.
You didn't know any spells.
Your spell library contained the following spells:

 Spells                   Type           Power        Failure   Level
 Apportation              Tloc           #.....       99%         1
 Shock                    Conj/Air       #...         99%         1
 Sting                    Tmut/Pois      #...         99%         1
 Poisonous Vapours        Pois/Air       #.....       100%        2
 Swiftness                Air            #.......     100%        2
 Wereblood                Tmut           #.......     100%        2
 Lesser Beckoning         Tloc           #.........   100%        3
 Mephitic Cloud           Conj/Pois/Air  #.......     100%        3
 Static Discharge         Conj/Air       #.......     100%        3
 Airstrike                Air            #.........   100%        4
 Olgreb's Toxic Radiance  Pois           #.......     100%        4
 Petrify                  Tmut/Erth      #.......     100%        4
 Alistair's Intoxication  Tmut/Pois      #........    100%        5
 Irradiate                Conj/Tmut      #.........   100%        5
 Lightning Bolt           Conj/Air       #.........   100%        5
 Hydra Form               Tmut           #.........   100%        6
 Statue Form              Tmut/Erth      #........    100%        6
 Dragon Form              Tmut           #.........   100%        7
 Animate Skeleton         Necr           Unusable     N/A         1
 Corona                   Hex            Unusable     N/A         1
 Foxfire                  Conj/Fire      Unusable     N/A         1
 Pain                     Necr           Unusable     N/A         1
 Summon Small Mammal      Summ           Unusable     N/A         1
 Conjure Flame            Conj/Fire      Unusable     N/A         3
 Ignite Poison            Fire/Tmut/Pois Unusable     N/A         3
 Inner Flame              Hex/Fire       Unusable     N/A         3
 Tukima's Dance           Hex            Unusable     N/A         3
 Vampiric Draining        Necr           Unusable     N/A         3
 Animate Dead             Necr           Unusable     N/A         4
 Sticky Flame             Conj/Fire      Unusable     N/A         4
 Agony                    Necr           Unusable     N/A         5
 Borgnjor's Vile Clutch   Necr/Erth      Unusable     N/A         5
 Fireball                 Conj/Fire      Unusable     N/A         5
 Yara's Violent Unravell  Hex/Tmut       Unusable     N/A         5
 Death Channel            Necr           Unusable     N/A         6
 Invisibility             Hex            Unusable     N/A         6
 Simulacrum               Ice/Necr       Unusable     N/A         6

Dungeon Overview and Level Annotations

Branches:
Dungeon (15/15)            Temple (1/1) D:6            Lair (6/6) D:11
 Shoals (0/4) Lair:3       Spider (4/4) Lair:4        Slime (0/5) Lair:6
    Orc (2/2) D:11            Elf (1/3) Orc:2        Vaults (5/5) D:13
 Depths (0/5) D:15        Ossuary (visited)
  Crypt: Vaults:2-3

Altars:
Ashenzari
Cheibriados
Dithmenos
Elyvilon
Fedhas
Gozag
Hepliaklqana
Kikubaaqudgha
Makhleb
Nemelex Xobeh
Okawaru
Qazlal
Ru
Sif Muna
Trog
Uskayaw
Vehumet
Wu Jian
Xom
Yredelemnul
Zin
The Shining One
Beogh

Shops:
D:8 *   D:12 (*   D:14 ??(}   Orc:2 [[=*(   Elf:1 ?

Annotations:
D:13 1 runed translucent door, Inwiecun's ghost, journeyman GrFi


Innate Abilities, Weirdness & Mutations

You reflexively headbutt those who attack you in melee.
You have a pair of horns on your head.
You are clumsy. (Dex -2)
Your magical capacity is low. (-10% MP)
You are weak. (Str -2)
You cannot be stealthy.
You are hated by all.
You cannot study or cast Fire magic.
You cannot study or cast Hexes magic.
You cannot study or cast Necromancy magic.
You have somewhat slow reflexes. (EV -5)
Your casting is disrupted.
You have sharp toenails.
You have a somewhat thin skeletal structure. (Dex +2, Stealth)
You are resistant to hostile enchantments. (MR+)
You are robust. (+10% HP)
You expend magic power (3 MP) to strengthen your wands.
Your movements are slightly less encumbered by armour. (ER -2)


Message History

You headbutt the ancient lich, but do no damage.
The ancient lich is almost destroyed.
The ancient lich closely misses you.
You hit the ancient lich but do no damage.
You headbutt the ancient lich, but do no damage.
The ancient lich is almost destroyed.
The ancient lich gestures at you while chanting.
The bolt of acid hits you!
* * * LOW HITPOINT WARNING * * *
You are splashed with acid!
* * * LOW HITPOINT WARNING * * *
You completely miss the ancient lich.
The ancient lich is severely damaged.
You slash the ancient lich! You headbutt the ancient lich!
The ancient lich is almost destroyed.
The ancient lich casts a spell at you. The bolt of acid hits you!!
* * * LOW HITPOINT WARNING * * *
You are splashed with acid!
You die...

...........
.......[.<<(
.)..##############
######..[[[[
.....)..(#.......#
...........
..#......#.......#
......#....
..#.....##...#...#
#.....#....
..#.....#....#...#
#.....#....
..#....##)...#...#
##....#....
..#(.###....##...##
###..#....
..#(##......#...@.#
#...^
.†#(.......##...L:#
#....
..#......###.......#
#....
..########.}.......(.
#.... ..#
......#...... #....
..# #.}.......[.##
#.... ..#
###.......### #....
..# ##....[## ..#....
..#### ##.#....


You could see an ancient lich (fast).

Vanquished Creatures
  An ancient lich (Vaults:5)
  Nikola (Spider:3)
  Arachne (Spider:4)
  An iron giant (shapeshifter) (Vaults:5)
  A tentacled monstrosity (Vaults:5)
  4 titans (Vaults:5)
  4 sphinxes
  Kirke (Spider:3)
  A tengu reaver (Vaults:5)
  3 shadow dragons (Vaults:5)
  3 storm dragons
  Roxanne (Spider:3)
  5 fire giants
  4 iron dragons (Vaults:5)
  3 frost giants
  An orc warlord (Orc:1)
  19 vault wardens
  3 deep elf sorcerers
  4 ghost moths
  Aizul (Vaults:2)
  2 emperor scorpions (Spider:4)
  16 ironheart preservers
  2 very ugly things (Vaults:5)
  4 stone giants (Vaults:5)
  4 entropy weavers
  2 deep elf demonologists
  A deep elf annihilator (Vaults:5)
  Azrael (D:14)
  4 spark wasps
  2 deep elf death magi
  Josephine (Lair:6)
  4 ettins
  A fire dragon (Vaults:3)
  A deep elf high priest (Vaults:5)
  13 yaktaur captains
  A great orb of eyes (shapeshifter) (Vaults:5)
  9 ogre magi
  36 vault guards
  2 rakshasas
  A great orb of eyes (Vaults:1)
  Harold (Orc:1)
  8 hydras
  4 ice dragons
  A catoblepas (Lair:6)
  5 centaur warriors
  2 death knights
  33 two-headed ogres
  A deep troll shaman (Lair:6)
  A tengu warrior (D:13)
  An alligator (shapeshifter) (Vaults:5)
  A queen ant (Spider:3)
  A deep troll earth mage (Vaults:4)
  A dancing weapon (Elf:1)
  5 death yaks (Lair:6)
  Urug (Orc:1)
  A shock serpent (shapeshifter) (Vaults:5)
  An orc high priest (Orc:2)
  9 deep elf knights
  A fire crab (Lair:6)
  8 skeletal warriors
  10 deep trolls
  13 slime creatures
  Sonja (Lair:5)
  2 shadow wraiths (Vaults:5)
  3 flayed ghosts
  5 deep elf archers
  11 ironbrand convokers
  8 unseen horrors
  A wizard (D:15)
  2 glowing orange brains
  A wolf spider zombie (D:13)
  5 phantasmal warriors
  15 orc knights
  An orb spider (shapeshifter) (D:14)
  2 necromancers
  7 harpies
  7 orc sorcerers
  16 orb spiders
  13 ugly things
  29 deep elf magi
  17 wolf spiders
  11 cyclopes
  3 moths of wrath
  5 black mambas
  7 elephants
  5 torpor snails
  A guardian serpent (shapeshifter) (Vaults:5)
  12 vault sentinels
  A naga mage (D:15)
  An eye of devastation (Lair:6)
  An ice statue (D:12)
  15 cane toads
  3 gargoyles
  3 rime drakes
  5 centaur skeletons
  46 yaktaurs
  7 demonic crawlers
  12 komodo dragons
  6 freezing wraiths
  A tengu conjurer (D:15)
  5 polar bears
  39 jumping spiders
  7 trolls
  A harpy skeleton (D:15)
  A troll (shapeshifter) (Vaults:5)
  7 hornets
  A tengu simulacrum (Vaults:2)
  2 ettin zombies (Vaults:2)
  3 blink frogs (Lair:2)
  14 hippogriffs
  A fire giant simulacrum (Vaults:2)
  An air elemental (Elf:1)
  A vampire (D:14)
  70 redbacks
  A shadow (D:11)
  23 tarantellas
  A centaur simulacrum (D:15)
  8 wraiths
  41 yaks
  2 redbacks (shapeshifter)
  2 fire elementals
  A hog (shapeshifter) (Vaults:5)
  5 wyverns
  5 basilisks
  3 hogs (Spider:3)
  A steam dragon (D:8)
  8 wargs
  A swamp worm (shapeshifter) (Vaults:5)
  3 acid dragons
  A soldier ant (shapeshifter) (Vaults:5)
  23 soldier ants
  Duvessa (D:4)
  3 hell hounds (D:14)
  12 porcupines
  17 water moccasins
  3 sky beasts
  4 black bears
  41 orc warriors
  2 ice beasts
  4 eyes of draining
  A hornet zombie (D:15)
  23 ogres
  3 phantoms
  5 boggarts (Vaults:1)
  13 crocodiles
  8 wolves
  16 centaurs
  An elf skeleton (Vaults:2)
  2 big kobolds
  4 elf zombies (Ossuary)
  A gnoll sergeant (D:6)
  16 bullfrogs
  A wyvern zombie (D:10)
  Dowan (D:4)
  6 scorpions
  31 killer bees
  29 wights
  2 electric eels
  7 centaur zombies
  4 jellies
  3 quasits
  6 human zombies (Ossuary)
  19 orc priests
  8 hounds
  32 orc wizards
  3 bullfrog skeletons
  Natasha (thrice) (D:4)
  2 iguanas
  Ijyb (D:4)
  5 hell rats (Lair:2)
  33 worker ants
  A hound zombie (D:8)
  3 mummies (Ossuary)
  A howler monkey skeleton (D:7)
  A howler monkey zombie (D:7)
  3 gnolls (D:6)
  13 adders
  5 river rats (Lair:2)
  2 shadow imps
  A white imp (D:6)
  2 ufetubi
  6 oozes
  An adder skeleton (D:5)
  3 worms
  2 dart slugs (D:1)
  9 leopard geckos
  73 orcs
  7 bats
  7 giant cockroaches
  18 goblins
  12 hobgoblins
  8 jackals
  6 quokkas
  6 frilled lizards
  A jackal skeleton (D:3)
  18 kobolds
  A leopard gecko zombie (D:5)
  A quokka skeleton (D:9)
  12 rats
1450 creatures vanquished.

Vanquished Creatures (others)
  Mara (Spider:3)
  A tengu reaver (Vaults:5)
  2 ettins
  An unseen horror (Vaults:1)
  A wolf spider (Spider:4)
  An orb spider (Spider:4)
  A cyclops (D:13)
  An eye of devastation (shapeshifter) (Vaults:5)
  A yaktaur (Vaults:1)
  3 jumping spiders
  A hippogriff (Lair:6)
  2 yaks
  A warg (Vaults:5)
  A soldier ant (Spider:3)
  3 orc warriors
  A wight (D:7)
  39 fungi
  46 plants
  2 withered plants (D:13)
109 creatures vanquished.

Grand Total: 1559 creatures vanquished

Notes
Turn   | Place    | Note
-------+----------+-------------------------------------------
     0 | D:1      | DogServant the Minotaur Monk began the quest for the Orb.
     0 | D:1      | Reached XP level 1. HP: 19/19 MP: 0/0
   186 | D:1      | Reached skill level 4 in Axes
   186 | D:1      | Reached XP level 2. HP: 21/27 MP: 1/1
   494 | D:1      | Reached XP level 3. HP: 28/34 MP: 2/2
   895 | D:2      | Found a white marble altar of Elyvilon.
  1046 | D:2      | Reached XP level 4. HP: 40/41 MP: 3/3
  1196 | D:2      | Found a hide-covered altar of Uskayaw.
  1203 | D:2      | Reached skill level 1 in Armour
  1275 | D:2      | Reached skill level 5 in Axes
  1603 | D:3      | Reached XP level 5. HP: 46/47 MP: 4/4
  1809 | D:3      | Found an opulent altar of Gozag.
  1810 | D:3      | Found a glowing silver altar of Zin.
  2394 | D:4      | Noticed Natasha
  2401 | D:4      | Killed Natasha
  2401 | D:4      | Reached XP level 6. HP: 47/53 MP: 5/5
  2455 | D:4      | Noticed Natasha
  2466 | D:4      | Killed Natasha
  2466 | D:4      | Reached skill level 6 in Axes
  2681 | D:4      | Noticed Natasha
  2690 | D:4      | Killed Natasha
  2928 | D:4      | Noticed Duvessa
  2928 | D:4      | Noticed Dowan
  2930 | D:4      | Noticed Ijyb
  2941 | D:4      | Killed Duvessa
  2941 | D:4      | Reached skill level 5 in Dodging
  2944 | D:4      | Killed Dowan
  2944 | D:4      | Reached XP level 7. HP: 60/60 MP: 6/6
  2946 | D:4      | Killed Ijyb
  3139 | D:4      | Found a basalt altar of Yredelemnul.
  3360 | D:5      | Entered Level 5 of the Dungeon
  3394 | D:5      | Found a sand-covered staircase.
  3418 | Ossuary  | Entered an ossuary
  3467 | Ossuary  | Reached skill level 7 in Axes
  3467 | Ossuary  | Reached skill level 5 in Armour
  3905 | Ossuary  | Reached XP level 8. HP: 36/67 MP: 7/7
  4552 | D:5      | Reached skill level 8 in Axes
  4617 | D:5      | Found an opulent altar of Gozag.
  4870 | D:5      | Gained mutation: You are frail. (-10% HP) [potion of
                  | mutation]
  4870 | D:5      | Gained mutation: You have a pair of large horns on your
                  | head. [potion of mutation]
  4870 | D:5      | Gained mutation: You evolve. [potion of mutation]
  5563 | D:5      | Gained mutation: Your muscles are strong. (Str +2)
                  | [evolution]
  5590 | D:6      | Found a staircase to the Ecumenical Temple.
  5633 | Temple   | Entered the Ecumenical Temple
  6209 | D:6      | Found a sacrificial altar of Ru.
  6229 | D:6      | Became a worshipper of Ru the Awakened
  6232 | D:6      | Gained mutation: You cannot study or cast Fire magic. [Ru
                  | sacrifice]
  6232 | D:6      | Gained mutation: You cannot study or cast Hexes magic. [Ru
                  | sacrifice]
  6232 | D:6      | Gained mutation: You cannot study or cast Necromancy magic.
                  | [Ru sacrifice]
  6232 | D:6      | Reached * piety under Ru
  6358 | D:6      | Found a blossoming altar of Fedhas.
  7110 | D:7      | Reached skill level 9 in Axes
  7301 | D:7      | Reached XP level 9. HP: 59/64 MP: 8/8
  7447 | D:7      | Lost mutation: You are frail. (-10% HP) [evolution]
  7699 | D:7      | Reached skill level 5 in Fighting
  8089 | D:7      | Reached skill level 10 in Axes
  8496 | D:7      | Found a bloodstained altar of Trog.
  8496 | D:7      | Found a snail-covered altar of Cheibriados.
  8674 | D:8      | Reached skill level 11 in Axes
  8708 | D:8      | Found Gykh's General Store.
  8927 | D:8      | Reached XP level 10. HP: 83/88 MP: 9/9
  9127 | D:8      | Lost mutation: Your muscles are strong. (Str +2) [potion of
                  | mutation]
  9127 | D:8      | Lost mutation: You evolve. [potion of mutation]
  9127 | D:8      | Lost mutation: You have a pair of large horns on your head.
                  | [potion of mutation]
  9127 | D:8      | Gained mutation: You have large cloven feet. [potion of
                  | mutation]
  9127 | D:8      | Gained mutation: Your mind is acute. (Int +2) [potion of
                  | mutation]
  9127 | D:8      | Gained mutation: You have sharp fingernails. [potion of
                  | mutation]
  9192 | D:8      | Gained mutation: You have somewhat slow reflexes. (EV -5)
                  | [Ru sacrifice]
  9192 | D:8      | Reached ** piety under Ru
  9345 | D:8      | Lost mutation: Your mind is acute. (Int +2) [potion of
                  | mutation]
  9345 | D:8      | Lost mutation: You have sharp fingernails. [potion of
                  | mutation]
  9345 | D:8      | Gained mutation: You are weak. (Str -2) [potion of
                  | mutation]
  9345 | D:8      | Gained mutation: You evolve. [potion of mutation]
  9345 | D:8      | Gained mutation: You are resistant to electric shocks.
                  | (rElec) [potion of mutation]
  9486 | D:8      | Reached skill level 1 in Shields
  9489 | D:8      | Lost mutation: You are resistant to electric shocks.
                  | (rElec) [potion of mutation]
  9489 | D:8      | Lost mutation: You have large cloven feet. [potion of
                  | mutation]
  9489 | D:8      | Lost mutation: You are weak. (Str -2) [potion of mutation]
  9489 | D:8      | Gained mutation: You are clumsy. (Dex -2) [potion of
                  | mutation]
  9489 | D:8      | Gained mutation: You have sharp toenails. [potion of
                  | mutation]
  9947 | D:9      | Found a hazy altar of Hepliaklqana.
 10424 | D:8      | Reached skill level 12 in Axes
 11050 | D:9      | Found a shimmering blue altar of Sif Muna.
 11700 | D:10     | Entered Level 10 of the Dungeon
 11950 | D:10     | Reached skill level 5 in Shields
 12022 | D:10     | Noticed a two-headed ogre
 12039 | D:10     | Killed a two-headed ogre
 12039 | D:10     | Reached skill level 10 in Fighting
 12513 | D:10     | Reached XP level 11. HP: 100/100 MP: 10/10
 12556 | D:10     | Noticed a two-headed ogre
 12566 | D:10     | Killed a two-headed ogre
 12890 | D:10     | Gained mutation: You have a somewhat thin skeletal
                  | structure. (Dex +2, Stealth) [evolution]
 12935 | D:10     | Noticed a two-headed ogre
 12970 | D:10     | Killed a two-headed ogre
 12970 | D:10     | Reached skill level 13 in Axes
 13444 | D:10     | Noticed a two-headed ogre
 13451 | D:10     | Killed a two-headed ogre
 14194 | D:11     | Noticed a deep elf mage
 14207 | D:11     | Killed a deep elf mage
 14320 | D:11     | Killed an unseen horror
 14720 | D:11     | Noticed a six-headed hydra
 14743 | D:11     | Killed a seven-headed hydra
 14890 | D:11     | Found a staircase to the Orcish Mines.
 14896 | D:11     | Reached skill level 14 in Axes
 15432 | D:11     | Found a staircase to the Lair.
 15579 | D:11     | Reached XP level 12. HP: 90/108 MP: 11/11
 15891 | D:11     | Reached skill level 1 in Throwing
 15891 | D:11     | Reached skill level 10 in Armour
 16089 | Lair:1   | Entered Level 1 of the Lair of Beasts
 16549 | D:8      | Bought the +8 hand axe "Rithit" {freeze, rC+ Str+4 Int+2
                  | Stlth-} for 847 gold pieces
 18295 | Lair:2   | Reached skill level 10 in Shields
 18296 | Lair:2   | Found a blossoming altar of Fedhas.
 18414 | Lair:2   | Noticed a seven-headed hydra
 18421 | Lair:2   | Killed a nine-headed hydra
 18552 | Lair:2   | Reached skill level 15 in Axes
 18967 | Lair:2   | Got an ebony broad axe
 19110 | Lair:2   | Gained mutation: Your movements are slightly less
                  | encumbered by armour. (ER -2) [evolution]
 19112 | Lair:2   | Identified 3 scrolls of acquirement
 19112 | Lair:2   | Acquired a manual of Shields
 19113 | Lair:2   | Acquired a manual of Axes
 19114 | Lair:2   | Acquired 712 gold pieces
 19121 | Lair:2   | Identified the cursed +1 broad axe of Generosity {speed,
                  | rElec rF+ rC+++ MR-} (You found it on level 2 of the Lair
                  | of Beasts)
 19142 | Lair:3   | Found a staircase to the Shoals.
 19214 | Lair:3   | Gained mutation: You are hated by all. [Ru sacrifice]
 19214 | Lair:3   | Reached *** piety under Ru
 19244 | Lair:3   | Reached skill level 5 in Throwing
 19400 | Lair:3   | Reached XP level 13. HP: 115/115 MP: 12/12
 20098 | Lair:4   | Found a hole to the Spider Nest.
 20195 | Lair:4   | Found a gate leading to a gauntlet.
 21102 | Lair:4   | Reached skill level 16 in Axes
 21517 | Lair:5   | Gained mutation: You cannot be stealthy. [Ru sacrifice]
 21517 | Lair:5   | Reached **** piety under Ru
 21692 | Lair:5   | Reached skill level 1 in Evocations
 21716 | Lair:5   | Noticed Sonja
 21727 | Lair:5   | Killed Sonja
 22363 | Lair:6   | Entered Level 6 of the Lair of Beasts
 22540 | Lair:6   | Found a staircase to the Slime Pits.
 22623 | Lair:6   | Noticed Josephine
 22638 | Lair:6   | Killed Josephine
 23933 | Orc:1    | Entered Level 1 of the Orcish Mines
 24150 | Orc:1    | Noticed Harold
 24164 | Orc:1    | Killed Harold
 24164 | Orc:1    | Reached skill level 17 in Axes
 24604 | Orc:2    | Entered Level 2 of the Orcish Mines
 24634 | Orc:2    | Gained mutation: You are robust. (+10% HP) [evolution]
 24638 | Orc:2    | Reached XP level 14. HP: 120/137 MP: 13/13
 24862 | Orc:2    | Noticed an orc warlord
 25126 | Orc:1    | Killed an orc warlord
 25524 | Orc:2    | Found a roughly hewn altar of Beogh.
 25731 | Orc:2    | Found Veguxox's Antique Weapon Shoppe.
 25780 | Orc:2    | Found a shimmering altar of Xom.
 26005 | Orc:2    | Found Bezoxtat's Antique Armour Boutique.
 26018 | Orc:2    | Bought a glowing scarf for 200 gold pieces
 26018 | Orc:2    | Bought an embroidered cloak for 187 gold pieces
 26111 | Orc:2    | Found Hohov's Jewellery Shoppe.
 26117 | Orc:2    | Bought an uncursed amulet of reflection for 390 gold pieces
 26117 | Orc:2    | Bought the ring of the Mage {Wiz MR++ Int+3} for 672 gold
                  | pieces
 26117 | Orc:2    | Found the ring of the Mage {Wiz MR++ Int+3}
 26128 | Orc:2    | Found Yjalakk's Antique Armour Shoppe.
 26169 | Orc:2    | Found a staircase to the Elven Halls.
 26299 | Orc:2    | Found Tyfeute's General Store.
 26547 | Orc:1    | Noticed Urug
 26558 | Orc:1    | Killed Urug
 27435 | D:12     | Found a gateway to a bazaar.
 27471 | Bazaar   | Entered a bazaar
 27488 | Bazaar   | Found Inakleli's Jewellery Emporium.
 27488 | Bazaar   | Found Pustamm's Armour Shoppe.
 27522 | Bazaar   | Found Paitufuo's Gadget Emporium.
 27962 | D:12     | Found a glowing golden altar of the Shining One.
 28100 | D:12     | Found Geutuedd's General Store.
 28229 | D:12     | Found Pismeynn's Weapon Shoppe.
 28373 | D:13     | Found a runed translucent door.
 28373 | D:13     | Noticed Inwiecun's ghost (journeyman GrFi)
 28641 | D:13     | Gained mutation: Your magical capacity is low. (-10% MP)
                  | [Ru sacrifice]
 28641 | D:13     | Reached ***** piety under Ru
 28664 | D:13     | Reached skill level 18 in Axes
 28672 | D:13     | Reached skill level 5 in Evocations
 28930 | D:13     | Reached skill level 15 in Shields
 29123 | D:13     | Found a gate to the Vaults.
 29128 | D:13     | Gained mutation: You are resistant to hostile enchantments.
                  | (MR+) [evolution]
 29175 | D:13     | Got a faintly glowing cloak
 29179 | D:13     | Identified the cursed +0 cloak of Gluttony {Str+3} (You
                  | found it on level 13 of the Dungeon)
 29448 | D:14     | Found Cyuq's Magic Scroll Emporium.
 29858 | D:14     | Found Jaylasam's Gadget Shoppe.
 29917 | D:14     | Found Piampitu's Magic Scroll Emporium.
 30085 | D:14     | Reached XP level 15. HP: 131/147 MP: 12/12
 30293 | D:14     | Noticed Azrael
 30323 | D:14     | Killed Azrael
 30716 | D:14     | Found Rykuagguik's Weapon Emporium.
 30874 | D:15     | Entered Level 15 of the Dungeon
 31401 | D:15     | Found a staircase to the Depths.
 32214 | D:15     | Reached skill level 19 in Axes
 32247 | D:15     | Gained mutation: You expend magic power (3 MP) to
                  | strengthen your wands. [evolution]
 32698 | Elf:1    | Entered Level 1 of the Elven Halls
 33050 | Elf:1    | Found Raas's Magic Scroll Emporium.
 33069 | Elf:1    | Bought a scroll of acquirement for 676 gold pieces
 33071 | Elf:1    | Acquired 606 gold pieces
 33076 | Elf:1    | Acquired the +8 mithril axe "Arga" {speed, MR+}
 33077 | Elf:1    | Found the +8 mithril axe "Arga" {speed, MR+}
 34179 | Spider:1 | Entered Level 1 of the Spider Nest
 34818 | Spider:1 | Killed a ghost moth
 35989 | Spider:2 | Reached XP level 16. HP: 160/160 MP: 13/13
 36022 | Spider:2 | Reached skill level 10 in Dodging
 36549 | Spider:3 | Noticed Mara
 36569 | Spider:3 | Noticed DogServant's illusion
 36569 | Spider:3 | Killed Mara
 37068 | Spider:3 | Noticed Kirke
 37093 | Spider:3 | Killed Kirke
 37681 | Spider:3 | Noticed Nikola
 37694 | Spider:3 | Killed Nikola
 37694 | Spider:3 | Reached skill level 15 in Fighting
 37695 | Spider:3 | Mutation became permanent: You are clumsy. (Dex -2) [Ru
                  | sacrifice]
 37695 | Spider:3 | Gained mutation: You are clumsy. (Dex -2) [Ru sacrifice]
 37882 | Spider:3 | Identified Roxanne's Incunabulum of Transmigration
 37882 | Spider:3 | Noticed Roxanne
 37910 | Spider:3 | Killed Roxanne
 38174 | Spider:4 | Entered Level 4 of the Spider Nest
 38653 | Spider:4 | Noticed Arachne
 38668 | Spider:4 | Reached XP level 17. HP: 85/171 MP: 1/14
 38693 | Spider:4 | Killed Arachne
 38770 | Spider:4 | Paralysed by a hornet for 3 turns
 39219 | Spider:4 | Got a gossamer rune of Zot
 39519 | Spider:4 | Lost mutation: You evolve. [end of evolution]
 40400 | Lair:6   | Gained mutation: You are weak. (Str -2) [Ru sacrifice]
 40466 | Lair:6   | Reached skill level 15 in Armour
 40854 | Vaults:1 | Entered Level 1 of the Vaults
 42267 | Vaults:1 | Reached skill level 20 in Axes
 42593 | Vaults:1 | Reached XP level 18. HP: 154/184 MP: 2/15
 42766 | Vaults:1 | Gained mutation: Your casting is slightly disrupted. [Ru
                  | sacrifice]
 44460 | Vaults:2 | Gained mutation: Your casting is disrupted. [Ru sacrifice]
 44460 | Vaults:2 | Reached ****** piety under Ru
 44948 | Vaults:2 | Noticed Aizul
 44958 | Vaults:2 | Killed Aizul
 45681 | Vaults:3 | Reached XP level 19. HP: 196/196 MP: 16/16
 45786 | Vaults:3 | Acquired a +1 hat of magic resistance
 45886 | Vaults:3 | You fall into a shaft and drop 1 floor!
 45898 | Vaults:4 | Reached skill level 21 in Axes
 47624 | Vaults:5 | Entered Level 5 of the Vaults
 48883 | Vaults:5 | Reached XP level 20. HP: 202/210 MP: 17/17
 49098 | Vaults:5 | Noticed an ancient lich
 49122 | Vaults:5 | Killed an ancient lich
 49134 | Vaults:5 | Reached skill level 22 in Axes
 49497 | Vaults:5 | Identified the +9 hand axe "Jellyslayer" {protect, rElec
                  | rN+ MR-}
 49820 | Vaults:5 | Reached skill level 10 in Evocations
 50713 | Vaults:5 | Reached skill level 15 in Dodging
 50833 | Vaults:5 | Noticed a golden dragon
 50834 | Vaults:5 | a golden dragon changed into an iron giant
 51192 | Vaults:5 | Noticed an ancient lich
 51218 | Vaults:5 | Splashed by an ancient lich's acid

Illustrated notes

Levels and vault maps discovered:
D:1:      lightli_arrival_statue_moat, layout_basic
D:2:      kennysheep_big_flooded_room, layout_rooms, marbit_many_paths,
          eat_drink_and_be_merry_uskayaw, minmay_vboxes
D:3:      layout_rooms, grunt_temple_overflow_gold_and_silver
D:4:      layout_basic, overflow_temple_1_default, uniq_ijyb, uniq_natasha,
          uniq_duvessa
D:5:      layout_basic, nicolae_ossuary_entry_monument, grunt_gozag_statues
D:6:      layout_loops_ring, kennysheep_little_box,
          nicolae_ru_sacrificial_ziggurat, minmay_temple_entry_grid
D:7:      layout_loops_cross, gammafunk_temple_overflow_elements, enter_bailey_3
D:8:      layout_basic, serial_shops, shop, unseen_surprise_small
D:9:      layout_rooms, led_sif_pool, overflow_temple_1_default,
          minmay_misc_feat_roman
D:10:     layout_loops_corners
D:11:     layout_long_grid, erik_lair_orcish_takeover, erik_orc_3
D:12:     layout_irregular_city, serial_shops, statue_bzr, shop,
          nicolae_shop_behind_doors, nicolae_tso_swordbearing_angel
D:13:     layout_irregular_city, david_vaults_5, gammafunk_ghost_grave
D:14:     layout_basic, kennysheep_doodads, serial_shops, shop_statue,
          nicolae_shop_window_shopping, shop_scrolls, shop, uniq_azrael
D:15:     grunt_enter_depths_magical_seal, layout_loops_corners,
          serial_park_square3 [serial_park_minivault_5x5_2], nrook_uturn
Temple:   minmay_temple_curvy_loop
Lair:1:   layout_cave_pods
Lair:2:   layout_hall_layers, basic_altar, kennysheep_abandoned_house
Lair:3:   layout_regular_city, minmay_shoals_entry_centaurs, beast_lair_carwin_2
Lair:4:   layout_misc_corridors, nicolae_spider_entry_tight_spaces,
          gauntlet_entry_generic, st_stairs_8
Lair:5:   layout_regular_city, chequers_serial_rivers_small_a,
          chequers_serial_rivers_small_b, serial_bayou_shore_a, uniq_sonja
Lair:6:   grunt_lair_end_beastmaster, layout_loops_ring,
          minmay_slime_entry_eyes, patterned_corridor, uniq_josephine
Spider:1: layout_spider_delve
Spider:2: layout_spider_delve
Spider:3: layout_spider_delve, drop_trap, zaba_anthell, uniq_nikola, uniq_kirke,
          uniq_mara, uniq_roxanne
Spider:4: johnstein_spider_rune_arachne_lair, hangedman_spider_mandibles,
          drop_trap
Orc:1:    layout_diamond_mine, uniq_harold, uniq_urug
Orc:2:    grunt_orc_cross, layout_diamond_mine, basic_altar, serial_shops, shop
Elf:1:    minmay_elf_arrival_summoners, layout_gridlike, serial_shops,
          shop_scrolls, minmay_elf_demonology, small_chamber_with_monster
Vaults:1: vaults_mumra_chevron, v_alt_pattern_5, v_misc_22,
          ontoclasm_vaults_bender, hangedman_vaults_cutoff,
          nicolae_vaults_display_case, nicolae_vaults_border_crossing,
          v_misc_26, layout_vaults_chaotic_city
Vaults:2: grunt_vaults_twisty, vaults_dpeg_ring, nicolae_vaults_three_branches,
          v_misc_26, v_alt_pattern_6, v_misc_4, v_misc_19,
          ontoclasm_vaults_misaligned, hangedman_vaults_impose, v_pattern_4,
          v_misc_25, layout_vaults_big_cross, uniq_aizul
Vaults:3: ontoclasm_vaults_pinch, vaults_room_corners, v_rooms_3,
          nicolae_vaults_disjoint_gnomons, v_misc_15, vaults_door_vault,
          minmay_crypt_entry_simple_plaza, vaults_room_grid,
          hangedman_vaults_corner_blocks, v_misc_19,
          nicolae_vaults_little_squares_2, ontoclasm_vaults_gateway,
          hangedman_vaults_maws, nicolae_vaults_mini_display_case,
          nicolae_vaults_specimen_jars, layout_vaults_omnibox, uniq_margery,
          uniq_saint_roka
Vaults:4: vaults_dpeg_diagonal, grunt_vaults_diagonal, v_misc_30, v_misc_22,
          nicolae_vaults_little_squares_3, layout_vaults_quadrants
Vaults:5

Skill      XL: |  1  2  3  4  5  6  7  8  9 10 11 12 13 14 15 16 17 18 19 20 |
---------------+-------------------------------------------------------------+-----
Fighting       | 4 7 10 11 12 14 15 16 17 19 20 | 20.0
Axes           | 4 5 6 7 9 11 12 14 15 17 18 19 20 21 22 | 22.5
Armour         | 2 3 4 5 7 8 9 11 12 13 14 15 16 | 16.8
Dodging        | 4 5 6 7 8 9 11 12 13 15 | 15.1
Shields        | 5 8 10 13 15 17 18 19 20 | 20.5
Throwing       | 5 7 9 |  9.5
Stealth        | 0 |  0.0
Evocations     | 3 5 6 9 10 | 10.7

Action                   |  1- 3 |  4- 6 |  7- 9 | 10-12 | 13-15 | 16-18 | 19-21 || total
-------------------------+-------+-------+-------+-------+-------+-------+-------++-------
Melee: Hand axe          |    77 |   130 |   406 |   195 |   936 |       |       ||  1744
       Headbutt          |    14 |    23 |   106 |   151 |   373 |   375 |   313 ||  1355
       War axe           |       |       |    20 |   406 |       |       |       ||   426
       Kick              |       |       |       |   226 |   568 |   556 |   154 ||  1504
       Broad axe         |       |       |       |       |   231 |  1142 |   893 ||  2266
Throw: Javelin           |       |       |       |    10 |    14 |    18 |    31 ||    73
       Dart              |       |       |       |     2 |       |       |       ||     2
Invok: Sacrifice Arcana  |       |       |     1 |       |       |       |       ||     1
       Sacrifice Health  |       |       |       |     1 |       |       |       ||     1
       Reject Sacrifices |       |       |       |     1 |     2 |       |       ||     3
       Sacrifice Love    |       |       |       |     1 |       |       |       ||     1
       Power Leap        |       |       |       |       |    10 |     5 |       ||    15
       Sacrifice Stealth |       |       |       |       |     1 |       |       ||     1
       Apocalypse        |       |       |       |       |     2 |       |       ||     2
       Sacrifice Essence |       |       |       |       |     1 |     2 |       ||     3
       Draw Out Power    |       |       |       |       |       |     2 |     3 ||     5
       Sacrifice Purity  |       |       |       |       |       |     2 |       ||     2
Evoke: Wand              |       |       |       |     9 |    23 |     4 |       ||    36
  Use: Scroll            |     1 |     2 |    11 |    17 |    11 |     2 |    17 ||    61
       Potion            |       |     1 |     3 |     5 |     9 |    13 |     5 ||    36
 Stab: Distracted        |       |       |       |     3 |    10 |     4 |     2 ||    19
       Paralysed         |       |       |       |       |     5 |     5 |     4 ||    14
       Invisible         |       |       |       |       |     3 |     7 |    10 ||    20
Armor: Leather armour    |    18 |       |       |       |       |       |       ||    18
       Ring mail         |     4 |    20 |       |       |       |       |       ||    24
       Chain mail        |       |    23 |   163 |   134 |       |       |       ||   320
       Plate armour      |       |       |       |    32 |   232 |       |    44 ||   308
       Shadow dragon sca |       |       |       |       |    16 |   193 |    37 ||   246
Dodge: Dodged            |    55 |    76 |   214 |   183 |   185 |   156 |    89 ||   958
Block: Kite shield       |       |       |       |   156 |   113 |       |       ||   269
       Tower shield      |       |       |       |       |   600 |   798 |   489 ||  1887
       Reflection        |       |       |       |       |       |    60 |    35 ||    95

Table legend: (Time is in decaauts)
 A = Elapsed time spent in this place.
 B = Non-inter-level travel time spent in this place.
 C = Inter-level travel time spent in this place.
 D = Time resting spent in this place.
 E = Time spent auto-exploring this place.
 F = Levels seen in this place.
 G = Mean time per level.
                   A        B        C        D        E       F      G
               +--------+--------+--------+--------+--------+-----+--------+
         Total |  49766 |  46164 |   3602 |  11201 |  27555 |  36 | 1382.4 |
       Dungeon |  20976 |  19221 |   1755 |   4382 |  12028 |  15 | 1398.4 |
        Temple |    212 |    188 |     24 |      0 |    188 |   1 |  212.0 |
          Lair |   8329 |   7482 |    847 |   1143 |   5516 |   6 | 1388.2 |
   Spider Nest |   5436 |   5218 |    218 |   1552 |   2864 |   4 | 1359.0 |
  Orcish Mines |   2946 |   2446 |    500 |    576 |   1411 |   2 | 1473.0 |
   Elven Halls |   1126 |   1126 |      0 |    501 |    351 |   1 | 1126.0 |
        Vaults |   9606 |   9350 |    256 |   2414 |   5046 |   5 | 1921.2 |
        Bazaar |    258 |    258 |      0 |      0 |     84 |   1 |  258.0 |
       Ossuary |    872 |    872 |      0 |    632 |     66 |   1 |  872.0 |
               +--------+--------+--------+--------+--------+-----+--------+

Top non-repeatable levels by time:
    D:11: 2696 daAuts
Vaults:1: 2572 daAuts
Vaults:4: 2470 daAuts
Vaults:5: 2444 daAuts
    D:10: 2065 daAuts
     D:8: 2016 daAuts
Spider:4: 1927 daAuts
   Orc:2: 1881 daAuts
  Lair:6: 1763 daAuts
Vaults:2: 1747 daAuts
  Lair:1: 1724 daAuts
  Lair:4: 1596 daAuts
Spider:3: 1555 daAuts
     D:7: 1472 daAuts
     D:6: 1460 daAuts
